 Dungeon Crawl Stone Soup version 0.29.1-1-gd02db6906a (webtiles) character file.

Game seed: 191040042308816234

59 RascalDebosk the Magician (level 4, -2/32 HPs)
             Began as a Djinni Conjurer on Oct 18, 2022.
             Slain by an orc priest
             ... wielding a +0 trident
              (8 damage)
             ... on level 3 of the Dungeon.
             The game lasted 00:08:54 (2173 turns).

RascalDebosk the Magician (Djinni Conjurer)         Turns: 2173, Time: 00:08:55

Health: -2/32      AC:  3    Str:  6    XL:     4   Next: 22%
Gold:   113        EV: 11    Int: 21    God:
                   SH:  3    Dex: 12

rFire   + + .      SeeInvis .   d - +2 short sword (holy)
rCold   x . .      Faith    .   o - +0 buckler
rNeg    . . .      Spirit   .   f - +0 leather armour
rPois   ∞          Reflect  .   (no helmet)
rElec   .          Harm     .   (no cloak)
rCorr   .          Rampage  .   (no gloves)
Will    .....                   (boots unavailable)
Stlth   +.........              (no amulet)
HPRegen 0.10/turn               (no ring)
MPRegen 0.00/turn               (no ring)

@: flying
A: sickness immunity, fire resistance 2, cold vulnerability 1, float, innate
caster, HP casting, extra vitality 1
a: no special abilities


You were on level 3 of the Dungeon.
You visited 1 branch of the dungeon, and saw 3 of its levels.

You collected 113 gold pieces.

Inventory:

Hand Weapons
 d - a +2 short sword of holy wrath (weapon)
Armour
 a - a +0 robe
 f - a +0 leather armour (worn)
 o - a +0 buckler (worn)
Magical Staves
 n - a staff of poison
Scrolls
 b - 2 scrolls of butterflies {unknown}
 c - 2 scrolls of identify {unknown}
 g - a scroll of vulnerability {unknown}
 h - a scroll of noise {unknown}
 k - a scroll of immolation {unknown}
 m - a scroll of poison {unknown}
Potions
 e - 3 potions of mutation {unknown}
 i - 2 potions of curing {unknown}
 j - 2 potions of heal wounds {unknown}
 l - a potion of brilliance {unknown}


   Skills:
 + Level 1.4 Fighting
 + Level 1.1 Armour
 - Level 2.4 Dodging
 - Level 1.5 Stealth
 * Level 3.8 Spellcasting


You couldn't memorise any spells.
You knew the following spells:

 Your Spells              Type           Power      Damage    Failure   Level
a - Magic Dart            Conj           80%        1d7       5%          1
b - Searing Ray           Conj           40%        2d5       8%          2
c - Dazzling Flash        Conj/Hex       40%        N/A       16%         3
d - Fulminant Prism       Conj/Hex       10%        3d9       45%         4
e - Iskenderun's Mystic   Conj/Tloc      20%        2d6       45%         4
f - Beastly Appendage     Tmut           40%        N/A       5%          1
Your spell library was empty.

Dungeon Overview and Level Annotations

Branches:
Dungeon (3/15)

Altars:


Innate Abilities, Weirdness & Mutations

You are immune to sickness and miasma.
You are immune to poison.
Your flesh is very heat resistant. (rF++)
You are vulnerable to cold. (rC-)
You float through the air rather than walking.
You learn spells naturally, not from books.
Your magical power is your life essence.
You have superior vitality. (+4 MHP)


Message History

The jackal barely misses you.
Aiming: Magic Dart (safe; 4% risk of failure)
Press: ? - help, Q - select action, (/) - cycle Shift-Dir - straight line, f/p - jackal
Aim: a jackal (heavily wounded, 100% to hit)
The magic dart hits the jackal.
You kill the jackal!
Your Armour skill increases to level 1!
You have reached level 4!
You feel agile.
A jackal comes into view.
The jackal barks!
You hear an angry hiss.
Aiming: Magic Dart (safe; 4% risk of failure)
Press: ? - help, Q - select action, (/) - cycle Shift-Dir - straight line, f - jackal
Aim: a jackal (100% to hit)
The magic dart hits the jackal.
The jackal is severely wounded.
The jackal bites you.
Aiming: Magic Dart (safe; 4% risk of failure)
Press: ? - help, Q - select action, (/) - cycle Shift-Dir - straight line, f/p - jackal
Aim: a jackal (severely wounded, 100% to hit)
The magic dart hits the jackal.
You kill the jackal!
An adder comes into view.
Aiming: Magic Dart (safe; 4% risk of failure)
Press: ? - help, Q - select action, (/) - cycle Shift-Dir - straight line, f - adder
Aim: an adder (100% to hit)
The magic dart hits the adder.
The adder is moderately wounded.
Aiming: Magic Dart (safe; 4% risk of failure)
Press: ? - help, Q - select action, (/) - cycle Shift-Dir - straight line, f/p - adder
Aim: an adder (moderately wounded, 100% to hit)
The magic dart hits the adder.
The adder is severely wounded.
Aiming: Magic Dart (safe; 4% risk of failure)
Press: ? - help, Q - select action, (/) - cycle Shift-Dir - straight line, f/p - adder
Aim: an adder (severely wounded, 100% to hit)
The magic dart hits the adder.
You kill the adder!
Found a buckler.
You see here a +0 buckler.
o - a +0 buckler You start putting on your armour.
You continue putting on your +0 buckler. x4
You finish putting on your +0 buckler.
You now have 113 gold pieces (gained 14).
An orc priest comes into view. It is wielding a +0 trident.
Aiming: Magic Dart (safe; 5% risk of failure)
Press: ? - help, Q - select action, (/) - cycle Shift-Dir - straight line, f - orc priest
Aim: an orc priest, wielding a +0 trident and wearing a +0 scale mail (asleep, 100% to hit)
The magic dart hits the orc priest but does no damage.
The orc priest shouts!
You hear a shout!
The orc priest calls down the wrath of Beogh upon you.
Beogh smites you!
Aiming: Magic Dart (safe; 5% risk of failure)
Press: ? - help, Q - select action, (/) - cycle Shift-Dir - straight line, f/p - orc priest
Aim: an orc priest, wielding a +0 trident and wearing a +0 scale mail (100% to hit)
The magic dart hits the orc priest.
The orc priest is lightly wounded.
Aiming: Magic Dart (safe; 5% risk of failure)
Press: ? - help, Q - select action, (/) - cycle Shift-Dir - straight line, f/p - orc priest
Aim: an orc priest, wielding a +0 trident and wearing a +0 scale mail (lightly wounded, 100% to hit)
The magic dart hits the orc priest but does no damage.
The orc priest is lightly wounded.
The orc priest looks braver for a moment.
Aiming: Magic Dart (safe; 5% risk of failure)
Press: ? - help, Q - select action, (/) - cycle Shift-Dir - straight line, f/p - orc priest
Aim: an orc priest, wielding a +0 trident and wearing a +0 scale mail (lightly wounded, 100% to hit)
The magic dart hits the orc priest but does no damage.
The orc priest is lightly wounded.
Aiming: Magic Dart (safe; 5% risk of failure)
Press: ? - help, Q - select action, (/) - cycle Shift-Dir - straight line, f/p - orc priest
Aim: an orc priest, wielding a +0 trident and wearing a +0 scale mail (lightly wounded, 100% to hit)
The magic dart hits the orc priest.
The orc priest is lightly wounded.
* * * LOW HITPOINT WARNING * * *
The orc priest invokes the aid of Beogh against you.
Beogh smites you!
* * * LOW HITPOINT WARNING * * *
You hear a shout!
The orc priest looks satisfied for a moment.
The orc priest miscasts a cantrip.
You start resting.
An orc priest is nearby!
Casting: Magic Dart (safe; 5% risk of failure)
Confirm with . or Enter, or press ? or * to list all spells.
Aiming: Searing Ray (safe; 8% risk of failure)
Press: ? - help, Shift-Dir - straight line, f/p - orc priest
Aim: an orc priest, wielding a +0 trident and wearing a +0 scale mail (81% to hit)
The searing ray hits the orc priest.
The orc priest is lightly wounded. (Press . to maintain the ray.)
* * * LOW HITPOINT WARNING * * *
The searing ray hits the orc priest but does no damage.
The orc priest is lightly wounded.
* * * LOW HITPOINT WARNING * * *
The searing ray misses the orc priest.
* * * LOW HITPOINT WARNING * * *
The orc priest hits you from afar with a +0 trident!
You die...

# #.#.######.##########
# #.#.................#
# #.#.######.#######.##
# #.#.# #.#.....#.# #
#.#.# #.##.##.#.#
#.######.#...#.#.#
#.#......#...#.#.#
#.#.######.....#.#
#.#####.#.#.@.o.....##.#
.)........#.#####...##.#
..........#.#####...##.#
#.#####.#.#.#.......##.#
#.......#.#..o......##.#
#####.#.÷.....###..###.#
###.###.#######......#
#...# #.......#..#####
#.#####.#####.#..#


You could see an orc priest.

Vanquished Creatures
  2 adders
  A dart slug (D:3)
  2 ball pythons
  4 endoplasms
  A giant cockroach (D:2)
  4 goblins
  3 hobgoblins
  3 jackals (D:3)
  A quokka (D:3)
  3 bats
  5 frilled lizards
  2 kobolds (D:1)
  6 rats
37 creatures vanquished.

Notes
Turn   | Place    | Note
-------+----------+-------------------------------------------
     0 | D:1      | RascalDebosk the Djinni Conjurer began the quest for the
                  | Orb.
     0 | D:1      | RascalDebosk set off with the following spells memorised:
                  | Magic Dart, Searing Ray, Dazzling Flash, Fulminant Prism,
                  | Iskenderun's Mystic Blast.
     0 | D:1      | Reached XP level 1. HP: 15/15 MP: 0/0
   279 | D:1      | Reached XP level 2. HP: 21/22 MP: 0/0
   283 | D:1      | Found a faded altar of an unknown god.
   296 | D:1      | Found a faded altar of an unknown god.
  1078 | D:2      | Reached XP level 3. HP: 23/26 MP: 0/0
  1078 | D:2      | Learned a level 1 spell: Beastly Appendage
  1127 | D:2      | Reached skill level 1 in Fighting
  1955 | D:3      | Reached skill level 1 in Armour
  1955 | D:3      | Reached XP level 4. HP: 30/32 MP: 0/0
  2173 | D:3      | Slain by an orc priest

Illustrated notes

Levels and vault maps discovered:
D:1:      minmay_arrival_arboretum_small, layout_rooms,
          hellmonk_ecumenical_altar_the_god_not_taken, supply_closet_lemuel
D:2:      layout_rooms, kennysheep_generic_room_3
D:3:      layout_basic, roderic_st_hans_cross

Skill      XL: |  1  2  3 |
---------------+----------+-----
Fighting       | 1 |  1.4
Armour         | 1 |  1.1
Dodging        | |  2.4
Stealth        | |  1.5
Spellcasting   | |  3.8

Action                   |  1- 3 |  4- 6 || total
-------------------------+-------+-------++-------
 Cast: Magic Dart        |    67 |    10 ||    77
       Searing Ray       |       |     1 ||     1
Armor: Robe              |     2 |       ||     2
Dodge: Dodged            |     5 |       ||     5
